 Dungeon Crawl Stone Soup version 0.19.4-10-g532645f (webtiles) character file.

86 Magnus the Slasher (level 4, -2/33 HPs)
             Began as a Demonspawn Gladiator on Feb 25, 2017.
             Killed by divine providence
             ... invoked by an orc priest
              (10 damage)
             ... on level 3 of the Dungeon.
             The game lasted 00:03:59 (2726 turns).

Magnus the Slasher (Demonspawn Gladiator)           Turns: 2726, Time: 00:03:59

Health: -2/33      AC:  6    Str: 15    XL:     4   Next: 27%
Magic:  4/4        EV: 12    Int: 10    God:
Gold:   83         SH:  0    Dex: 14    Spells: 0 memorised, 3 levels left

rFire  . . .     SeeInvis .     a - +0 long sword
rCold  . . .     Gourm    .     b - +0 leather armour
rNeg   . . .     Faith    .     (no shield)
rPois  .         Spirit   .     c - +0 helmet
rElec  .         Reflect  .     (no cloak)
rCorr  .         Harm     .     (no gloves)
MR     .....                    (no boots)
Stlth  +.........               (no amulet)
                                (no ring)
                                (no ring)

@: no status effects
A: talons 1, iridescent scales 1, spiny 1
a: no special abilities


You were on level 3 of the Dungeon.
You were not hungry.

You visited 1 branch of the dungeon, and saw 3 of its levels.

You collected 83 gold pieces.

Inventory:

Hand Weapons
 a - a +0 long sword (weapon)
Missiles
 d - 3 throwing nets (quivered)
Armour
 b - a +0 leather armour (worn)
 c - a +0 helmet (worn)
Jewellery
 m - an uncursed ring of wizardry {unknown}
Scrolls
 k - a scroll of identify
Potions
 q - a potion of curing
Comestibles
 f - 3 bread rations
 i - a royal jelly
 j - a beef jerky
 p - 5 fruits


   Skills:
 - Level 2.0 Fighting
 + Level 4.6 Long Blades
 - Level 1.7 Throwing
 - Level 2.6 Dodging


You had 3 spell levels left.
You didn't know any spells.

Dungeon Overview and Level Annotations

Branches:
Dungeon (3/15)

Altars:


Innate Abilities, Weirdness & Mutations

You have sharp toenails.
You are partially covered in iridescent scales. (AC +2)
You are partially covered in sharp spines.


Message History

You hit the orc priest but do no damage.
You claw the orc priest, but do no damage.
The orc priest hits you.
* * * LOW HITPOINT WARNING * * *
Unknown command.
You barely miss the orc priest.
The orc priest looks satisfied for a moment.
Unknown command.
You hit the orc priest.
You claw the orc priest, but do no damage.
The orc priest is lightly wounded.
The orc priest is struck by your spines.
The orc priest misses you.
You riposte.
You hit the orc priest but do no damage.
You claw the orc priest, but do no damage.
The orc priest is lightly wounded.
The orc priest looks encouraged for a moment.
The orc priest invokes the aid of Beogh against you.
Beogh smites you!
You die...

### ...# ....#
#########o....#
#.....@ooo.....
#.############.
#.#..........#
#........###.#
#####.###.# #.#
.....#<#.# #.#
#######..#.#.#
#.#
...........#.#
#.#
####.#.####.#
#.#


You could see 3 orc priests and an orc.

Vanquished Creatures
  3 adders (D:2)
  A worm (D:2)
  A dart slug (D:1)
  3 leopard geckos
  An orc (D:3)
  5 bats
  2 giant cockroaches
  6 goblins
  6 hobgoblins
  3 jackals (D:2)
  A ball python (D:2)
  4 frilled lizards
  6 kobolds (D:1)
  10 rats
52 creatures vanquished.

Notes
Turn   | Place    | Note
-------+----------+-------------------------------------------
     0 | D:1      | Magnus the Demonspawn Gladiator began the quest for the Orb.
     0 | D:1      | Reached XP level 1. HP: 16/16 MP: 1/1
    88 | D:1      | Reached skill level 3 in Long Blades
   197 | D:1      | Gained mutation: You have sharp toenails. [demonic ancestry]
   197 | D:1      | Reached XP level 2. HP: 12/22 MP: 2/2
  1519 | D:2      | Gained mutation: You are partially covered in iridescent scales. (AC +2) [demonic ancestry]
  1519 | D:2      | Reached XP level 3. HP: 20/27 MP: 3/3
  1691 | D:2      | Reached skill level 4 in Long Blades
  2254 | D:2      | Gained mutation: You are partially covered in sharp spines. [demonic ancestry]
  2254 | D:2      | Reached XP level 4. HP: 21/33 MP: 4/4
  2726 | D:3      | Killed from afar by an orc priest

Skill      XL: |  1  2  3 |
---------------+----------+-----
Long Blades    | 3 4 |  4.6
Fighting       | |  2.0
Throwing       | |  1.7
Dodging        | |  2.6

Action                   |  1- 3 |  4- 6 || total
-------------------------+-------+-------++-------
Melee: Long sword        |   116 |    21 ||   137
       Kick              |    22 |     7 ||    29
  Use: Potion            |     1 |       ||     1
       Scroll            |       |     5 ||     5
 Stab: Sleeping          |     1 |       ||     1
  Eat: Chunk             |     4 |     2 ||     6
Armor: Leather armour    |    49 |     7 ||    56
Dodge: Dodged            |    64 |    12 ||    76
       Rpst.: Long sword |    23 |     7 ||    30
